 Dungeon Crawl Stone Soup version 0.30.1-3-gfc49f6343a (webtiles) character file.

Game seed: 13293075953551061063

222 leafyfresh the Covert (level 5, 0/36 HPs)
             Began as an Octopode Delver on Aug 4, 2023.
             Was an Initiate of Ashenzari.
             Succumbed to a scorpion's poison
             ... on level 4 of the Dungeon.
             The game lasted 00:03:02 (2012 turns).

leafyfresh the Covert (Octopode Delver)             Turns: 2012, Time: 00:03:03

Health: 0/36       AC:  1    Str: 12    XL:     5   Next: 99%
Magic:  5/5        EV: 14    Int: 14    God:    Ashenzari [......]
Gold:   62         SH:  0    Dex: 13    Spells: 2/5 levels left

rFire   . . .        a - +0 short sword
rCold   . . .        (no shield)
rNeg    . . .        (helmet restricted)
rPois   .            (no amulet)
rElec   .            (no ring)
rCorr   .            (no ring)
SInv    .            (no ring)
Will    .....        (no ring)
Stlth   +++++        (no ring)
HPRegen 0.26/turn    (no ring)
MPRegen 0.09/turn    (no ring)
                     (no ring)

%: no passive effects
@: lethally poisoned (0 -> -12)
A: almost no armour, amphibious, 8 rings, camouflage 1, gelatinous body 1,
(nimble swimmer 1), tentacles
a: Renounce Religion


You were on level 4 of the Dungeon.
You worshipped Ashenzari.
Ashenzari was noncommittal.
You visited 2 branches of the dungeon, and saw 4 of its levels.

You collected 62 gold pieces.

Inventory:

Hand Weapons
 a - a +0 short sword (weapon)
Magical Staves
 g - a staff of conjuration
Wands
 f - a wand of digging (3)
Scrolls
 b - a scroll of fog
 c - a scroll of blinking {unknown}
 h - 3 scrolls of identify {unknown}
 i - a scroll of noise {unknown}
Potions
 e - a potion of haste
 j - a potion of brilliance {unknown}
 k - a potion of heal wounds {unknown}


   Skills:
 - Level 3.0 Fighting
 - Level 2.0 Short Blades
 - Level 4.3 Dodging
 - Level 8.6 Stealth
 + Level 0.6 Spellcasting
 + Level 0.7 Hexes


You had 2 spell levels left.
You knew the following spells:

 Your Spells              Type           Power      Damage    Failure   Level
a - Dazzling Flash        Conj/Hex       2%         N/A       56%         3

Your spell library contained the following spells:

 Spells                   Type           Power      Damage    Failure   Level
 Agony                    Necr           0%         N/A       100%        5
 Silence                  Hex/Air        0%         N/A       100%        5


Dungeon Overview and Level Annotations

Branches:
Dungeon (6/15)             Temple (1/1) D:6

Altars:
Ashenzari
Gozag
Kikubaaqudgha
Qazlal
Trog
Uskayaw
Wu Jian
Yredelemnul


Innate Abilities, Weirdness & Mutations

You cannot wear most types of armour.
You are amphibious.
You can wear up to eight rings at the same time.
Your skin changes colour to match your surroundings (Stealth+).
Your rubbery body absorbs attacks. (AC +1, EV +1)
((You are camouflaged when in or above water. (Stealth+)))
You have tentacles for arms and can constrict up to eight enemies at once.


Message History

You hit the scorpion but do no damage.
The scorpion is lightly wounded.
You constrict the scorpion. The scorpion stings you.
* * * LOW HITPOINT WARNING * * *
Unknown command.
Unknown command.
You are confused.
You feel invigorated.
You constrict the scorpion. The scorpion barely misses you.
Unknown command.
You're too confused to move!
You constrict the scorpion. The scorpion misses you.
The scorpion barely misses you.
Unknown command.
You hit the scorpion but do no damage.
The scorpion is moderately wounded.
You constrict the scorpion. The scorpion stings you!
Unknown command.
You barely miss the scorpion.
The scorpion is heavily wounded.
You feel less invigorated.
You feel less confused.
You constrict the scorpion. The scorpion stings you!
* * * LOW HITPOINT WARNING * * *
Unknown command.
You hit the scorpion but do no damage.
The scorpion is heavily wounded.
You constrict the scorpion, but do no damage.
The scorpion barely misses you.
Unknown command.
You hit the scorpion but do no damage.
The scorpion is heavily wounded.
You constrict the scorpion. The scorpion stings you.
* * * LOW HITPOINT WARNING * * *
You are lethally poisoned!
The scorpion poisons you!
Unknown command.
You hit the scorpion but do no damage.
The scorpion is severely wounded.
You constrict the scorpion.
You die...

**,,,.....#*
*..######.8....
,***,.....<### #..*
#...... ,,**,........###
*#.#* #.8....
,,**,..........# #..#####
#......
,,,,,..........###......#
#...8.8
,,,,,..........##...P.P.#
#......
*,,,,........)###...._..#
###....
*,,,,.........##†.#.P.P.#
#.....
**,,,..........s@.#.....#
##....
*,,,,.........###...#...#
##... ,,,,,........##
##..##..# ##..
,,,,,........# ##....##
##. ,,,,,........# ##..##
## ,,**,.......## ##..##
*****.......* ##..### ,**
*,.....#* #...)##
,,***,,***** ##.....# ##


You could see a scorpion.

Vanquished Creatures
  3 hounds (D:5)
  2 iguanas (D:5)
  An orc wizard (D:4)
  3 adders (D:4)
  A shadow imp (D:6)
  An ufetubus (D:5)
  2 orcs (D:4)
  A ball python (D:4)
  A giant cockroach (D:4)
  A goblin (D:4)
  2 jackals (D:5)
  2 kobolds (D:4)
20 creatures vanquished.

Notes
Turn   | Place    | Note
-------+----------+-------------------------------------------
     0 | D:5      | leafyfresh the Octopode Delver began the quest for the Orb.
     0 | D:5      | Reached XP level 1. HP: 16/16 MP: 1/1
     9 | D:5      | Noticed a hound
    16 | D:5      | Killed a hound
    17 | D:5      | Reached skill level 7 in Stealth
    17 | D:5      | Reached XP level 2. HP: 19/21 MP: 2/2
    17 | D:5      | Reached XP level 3. HP: 23/26 MP: 3/3
    45 | D:5      | Reached XP level 4. HP: 31/31 MP: 4/4
   249 | D:5      | Reached skill level 8 in Stealth
   249 | D:5      | Reached XP level 5. HP: 8/36 MP: 5/5
   894 | D:5      | Found an ancient bone altar of Kikubaaqudgha.
  1208 | D:4      | Found a stormy altar of Qazlal.
  1294 | D:6      | Found a staircase to the Ecumenical Temple.
  1319 | Temple   | Entered the Ecumenical Temple
  1400 | Temple   | Became a worshipper of Ashenzari the Shackled
  1422 | D:6      | Noticed a centaur
  1765 | D:4      | Learned a level 3 spell: Dazzling Flash
  1908 | D:4      | Found a hide-covered altar of Uskayaw.
  1970 | D:4      | Found a basalt altar of Yredelemnul.
  2012 | D:4      | Succumbed to a scorpion's poison

Illustrated notes

Levels and vault maps discovered:
D:4:      layout_cave_pods, nicolae_uskayaw_dance_hall,
          yredelemnul_altar_generic, nicolae_tso_swordbearing_angel,
          amcnicky_altar_gilded
D:5:      layout_basic, mainiacjoe_overflow_alcove_1
D:6:      layout_basic, nemelex_diamond_rough_becter, lemuel_crystal_altar,
          mainiacjoe_overflow_boulevard, minmay_temple_entry_sparse_star,
          serial_curves, eino_curves_01, eino_curves_01, uniq_sigmund,
          uniq_maggie
Temple:   dpeg_chambers_temple

Skill      XL: |  1  2  3  4  5 |
---------------+----------------+-----
Stealth        | 7 8 |  8.6
Dodging        | 3 4 |  4.3
Fighting       | |  3.0
Short Blades   | |  2.0
Spellcasting   | |  0.6
Hexes          | |  0.7

Action                     |  1- 3 |  4- 6 || total
---------------------------+-------+-------++-------
  Melee: Short sword       |     6 |    66 ||    72
         Tentacles         |     4 |    11 ||    15
         Constrict         |     2 |    10 ||    12
    Use: Scroll            |       |     2 ||     2
         Potion            |       |     2 ||     2
   Stab: Sleeping          |       |     5 ||     5
 Armour: Skin              |       |     6 ||     6
  Dodge: Dodged            |     5 |    47 ||    52
